 Dungeon Crawl Stone Soup version 0.22-a0-284-g99d1f74 (webtiles) character file.

154 galech the Covered (level 5, -3/41 HPs)
             Began as a Human Fighter on Mar 20, 2018.
             Killed by divine providence
             ... invoked by an orc priest
              (14 damage)
             ... on level 3 of the Dungeon.
             The game lasted 00:03:20 (1919 turns).

galech the Covered (Human Fighter)                  Turns: 1919, Time: 00:03:21

Health: -3/41      AC:  8    Str: 18    XL:     5   Next: 63%
Magic:  5/5        EV:  9    Int:  8    God:
Gold:   112        SH:  9    Dex: 12    Spells: 4/4 levels left

rFire    . . .     SeeInvis .   o - +2 hand axe (elec)
rCold    . . .     Gourm    .   c - +0 shield
rNeg     . . .     Faith    .   b - +0 scale mail
rPois    .         Spirit   .   q - +0 helmet
rElec    .         Reflect  .   (no cloak)
rCorr    .         Harm     .   (no gloves)
MR       .....                  (no boots)
Stlth    ..........             (no amulet)
HPRegen  0.13/turn              g - ring of wizardry
MPRegen  0.09/turn              j - +2 ring of evasion

@: no status effects
A: no striking features
a: no special abilities


You were on level 3 of the Dungeon.
You were not hungry.

You visited 1 branch of the dungeon, and saw 3 of its levels.

You collected 112 gold pieces.

Inventory:

Hand Weapons
 o - a +2 hand axe of electrocution (weapon)
Armour
 b - a +0 scale mail (worn)
 c - a +0 shield (worn)
 q - a +0 helmet (worn)
Jewellery
 g - a ring of wizardry (left hand)
 j - a +2 ring of evasion (right hand)
Wands
 a - a wand of random effects (14)
 r - a wand of acid (10)
Scrolls
 i - a scroll of blinking {unknown}
 k - 2 scrolls of remove curse {unknown}
 l - a scroll of noise {unknown}
 m - a scroll of teleportation {unknown}
 n - a scroll of fear {unknown}
 t - a scroll of identify {unknown}
Potions
 d - a potion of might
 e - 2 potions of heal wounds {unknown}
 h - 3 potions of curing {unknown}
 p - a potion of haste {unknown}
Comestibles
 f - 6 rations
 s - 5 chunks of flesh


   Skills:
 + Level 3.3 Fighting
 + Level 3.0 Axes
 + Level 4.5 Armour
 + Level 0.5 Dodging
 + Level 0.1 Stealth
 + Level 3.6 Shields


You had 4 spell levels left.
You didn't know any spells.

Dungeon Overview and Level Annotations

Branches:
Dungeon (3/15)

Altars:

Annotations:
D:3 grindst0ne's ghost, weakling DsCK


Message History

You barely miss the orc.
The orc is moderately wounded.
The orc priest shouts!
You hit the giant cockroach. The orc barely misses you.
The giant cockroach bites you but does no damage.
You slash the giant cockroach!
You kill the giant cockroach!
You barely miss the orc. You block the orc's attack.
The orc priest casts a cantrip, but nothing happens.
An orc comes into view. It is wielding a dagger of venom.
You closely miss the orc.
The orc is moderately wounded.
The orc shouts!
The orc hits you with a trident.
The orc priest mumbles some strange prayers to Beogh against you.
Beogh smites you!
* * * LOW HITPOINT WARNING * * *
The orc priest invokes the aid of Beogh against you.
Beogh smites you!
You die...

############
#...........
###########.######
#...........#
#.########..#
#.##........#
#.##.####...#
.###g###@##.####...#
..Woooo............#
..o#K###†#.#.#.#.#.#.
#..............
###.#.#.#.#.#.#
...............
###.#.#.#.#.#.#.#
.............$..
###.#.#.#.#.#.#.


You could see an orc priest, grindst0ne's ghost, 4 orcs and a kobold.

Vanquished Creatures
  Natasha (thrice) (D:2)
  Robin (D:2)
  An adder (D:3)
  An ooze (D:3)
  2 worms (D:2)
  2 leopard geckos
  3 bats
  3 giant cockroaches
  10 goblins
  7 hobgoblins
  7 jackals
  A ball python (D:2)
  2 frilled lizards
  A kobold (D:2)
  2 rats
46 creatures vanquished.

Notes
Turn   | Place    | Note
-------+----------+-------------------------------------------
     0 | D:1      | galech the Human Fighter began the quest for the Orb.
     0 | D:1      | Reached XP level 1. HP: 18/18 MP: 1/1
   100 | D:1      | Reached XP level 2. HP: 15/24 MP: 2/2
   717 | D:2      | Noticed Natasha
   729 | D:2      | Killed Natasha
   729 | D:2      | Reached XP level 3. HP: 6/29 MP: 3/3
  1056 | D:2      | Reached XP level 4. HP: 34/35 MP: 4/4
  1307 | D:2      | Noticed Robin
  1328 | D:2      | Killed Robin
  1594 | D:2      | Noticed Natasha
  1598 | D:2      | Killed Natasha
  1598 | D:2      | Reached skill level 4 in Armour
  1598 | D:2      | Reached XP level 5. HP: 41/41 MP: 5/5
  1605 | D:2      | Noticed Natasha
  1609 | D:2      | Killed Natasha
  1916 | D:3      | Noticed grindst0ne's ghost (weakling DsCK)
  1919 | D:3      | Killed from afar by an orc priest

Vault maps used:
D:1:      eino_arrival_druids_welcome
D:2:      uniq_robin, uniq_natasha
D:3:      chequers_ecumenical_altar_simple, minivault_24, st_stairs_11

Skill      XL: |  1  2  3  4  5 |
---------------+----------------+-----
Armour         | 4 |  4.5
Axes           | 3 |  3.0
Fighting       | |  3.3
Dodging        | |  0.5
Stealth        | |  0.1
Shields        | |  3.6

Action                   |  1- 3 |  4- 6 || total
-------------------------+-------+-------++-------
Melee: War axe           |   100 |    20 ||   120
       Hand axe          |       |    66 ||    66
  Eat: Chunk             |       |     4 ||     4
Armor: Scale mail        |    40 |    21 ||    61
Dodge: Dodged            |    26 |    25 ||    51
Block: Shield            |    59 |    36 ||    95

Table legend:
 A = Spawn XP
 B = Non-spawn XP
 C = Spawn XP percentage of total XP
 D = Spawn monster count
 E = Non-spawn monster count
 F = Spawn count percentage of total count
 G = Total turns spent on level
                    A         B        C        D         E        F      G
               +---------+---------+-------+---------+---------+-------+---------
         Total |       0 |     221 |   0.0 |       0 |      46 |   0.0 |  1919
               +---------+---------+-------+---------+---------+-------+---------
           D:1 |       0 |      26 |   0.0 |       0 |      14 |   0.0 |   693
           D:2 |       0 |     165 |   0.0 |       0 |      24 |   0.0 |  1082
           D:3 |       0 |      30 |   0.0 |       0 |       8 |   0.0 |   144
               +---------+---------+-------+---------+---------+-------+---------
